 Dungeon Crawl Stone Soup version 0.29.1-1-gd02db6906a (webtiles) character file.

Game seed: 14174260238169008893

1145 Ashen the Chiller (level 8, 60/60 HPs)
             Began as a Demonspawn Ice Elementalist on Oct 20, 2022.
             Was a Follower of Vehumet.
             Got out of the dungeon alive.
             The game lasted 00:14:38 (6439 turns).

Ashen the Chiller (Demonspawn Ice Elementalist)     Turns: 6439, Time: 00:14:39

Health: 60/60      AC:  7    Str:  8    XL:     8   Next: 15%
Magic:  14/14      EV: 14    Int: 19    God:    Vehumet [*.....]
Gold:   161        SH:  0    Dex: 20    Spells: 4/15 levels left

rFire   . . .      SeeInvis .   v - +3 dagger of Hoemuk {drain, rN+}
rCold   . . .      Faith    .   (no shield)
rNeg    + . .      Spirit   .   a - +0 robe
rPois   .          Reflect  .   C - +0 helmet
rElec   .          Harm     .   (no cloak)
rCorr   .          Rampage  .   r - +0 pair of gloves
Will    .....                   (no boots)
Stlth   +++.......              (no amulet)
HPRegen 0.20/turn               q - +6 ring of dexterity
MPRegen 0.14/turn               (no ring)

@: no status effects
A: molten scales 2, powered by death 2, demonic magic 1, weakness stinger 1
a: Renounce Religion


You escaped.
You worshipped Vehumet.
Vehumet was aware of your devotion.
You visited 2 branches of the dungeon, and saw 7 of its levels.

You collected 359 gold pieces.
You spent 198 gold pieces at shops.

Inventory:

Hand Weapons
 v - the +3 dagger of Hoemuk (weapon) {drain, rN+}
   (You found it on level 5 of the Dungeon)

   A truly terrible weapon, it drains the life of any living foe it strikes.
   rN:        It protects you from negative energy.
Armour
 a - a +0 robe (worn)
 r - a +0 pair of gloves (worn)
 C - a +0 helmet (worn)
Jewellery
 q - a +6 ring of dexterity (left hand)
Wands
 u - a wand of mindburst (3)
 w - a wand of polymorph (1)
Scrolls
 c - 4 scrolls of enchant weapon {unknown}
 d - a scroll of torment {unknown}
 e - 4 scrolls of amnesia {unknown}
 g - 6 scrolls of identify
 h - 3 scrolls of poison {unknown}
 i - 7 scrolls of teleportation
 m - 4 scrolls of fog
 n - 4 scrolls of blinking {unknown}
 o - a scroll of brand weapon {unknown}
 p - a scroll of magic mapping {unknown}
 s - a scroll of fear {unknown}
 x - a scroll of vulnerability {unknown}
 y - a scroll of silence {unknown}
 A - 2 scrolls of immolation
Potions
 b - 2 potions of magic
 f - 4 potions of curing
 j - a potion of haste
 k - a potion of might
 l - a potion of mutation
 t - a potion of ambrosia
 z - 4 potions of attraction {unknown}
 B - a potion of invisibility {unknown}


   Skills:
 + Level 4.0 Fighting
 + Level 4.0 Dodging
 + Level 4.4 Stealth
 + Level 4.2 Spellcasting
 + Level 2.2 Conjurations
 + Level 5.2 Ice Magic


You had 4 spell levels left.
You knew the following spells:

 Your Spells              Type           Power      Damage    Failure   Level
a - Freeze                Ice            96%        1d11      1%          1
b - Frozen Ramparts       Ice            48%        1d8       4%          3
c - Ozocubu's Armour      Ice            24%        N/A       4%          3
d - Hailstorm             Conj/Ice       18%        3d6       28%         4

Your spell library contained the following spells:

 Spells                   Type           Power      Damage    Failure   Level
 Shock                    Conj/Air       32%        1d5       9%          1
 Slow                     Hex            16%        N/A       14%         1
 Blink                    Tloc           8%         N/A       21%         2
 Confusing Touch          Hex            4%         N/A       38%         3
 Vampiric Draining        Necr           4%         2d6       38%         3
 Manifold Assault         Tloc           4%         N/A       98%         5
 Storm Form               Tmut/Air       2%         N/A       100%        7


Dungeon Overview and Level Annotations

Branches:
Dungeon (6/15)             Temple (1/1) D:4

Altars:
Ashenzari
Dithmenos
Fedhas
Hepliaklqana
Kikubaaqudgha
Makhleb
Sif Muna
Trog
Uskayaw
Vehumet
Wu Jian
Yredelemnul

Shops:
D:1 ?*   D:5 ?

Annotations:
D:2 Terence


Innate Abilities, Weirdness & Mutations

You are mostly covered in molten scales. (AC +3)
You regenerate health from kills.
Spells you cast may paralyse adjacent enemies.
You have a small tail.


Message History

A menacing aura infuses your magic.
Unknown command.
An adder comes into view.
You can't go up here!
You strike the helpless adder from behind!
You impale the adder!!
You kill the adder!
Vehumet accepts your kill.
(D) Dungeon (T) Temple
Where to? (Enter - D:6 @ (x,y), ? - help)
What level of the Dungeon? (default 1, ? - help)
There is a stone staircase leading down here.
You feel yourself speed up.
There is a stone staircase leading up here.
You climb upwards.
There is a stone staircase leading down here.
You feel a little less mighty now.
There is a stone staircase leading up here.
You climb upwards.
There is a stone staircase leading down here.
There is a stone staircase leading up here.
You climb upwards.
There is a stone staircase leading down here.
There is a stone staircase leading up here.
You climb upwards.
Level annotation: Terence
There is a stone staircase leading down here.
There is an open door here.
Things that are here:
a +0 helmet; a +0 animal skin; a +0 club
There is an open door here.
There is an open door here.
There is a stone staircase leading up here.
You climb upwards.
There is a stone staircase leading down here.
There is an open door here.
HP restored.
There is a staircase leading out of the dungeon here.
Are you sure you want to leave the Dungeon?
This will make you lose the game!
You have escaped!

### #.# #.#####
#...... ##### #.####.
####8@8#### #.# #.
##.........## #.# #.
#8.........8# ##'####'
#...8...8...# #.......
#8.........8# #.......
##.........## #.......
#.........# ##'####'
#####'##########'####.
#....###...........#.


There were no monsters in sight!

Vanquished Creatures
  A wraith (D:6)
  A water moccasin (D:5)
  A phantom (D:4)
  Blork the orc (D:5)
  A necrophage (D:5)
  2 scorpions (D:5)
  4 hounds (D:5)
  3 orc priests (D:5)
  4 iguanas
  An orc wizard (D:5)
  Ijyb (D:5)
  Robin (D:2)
  3 gnolls (D:4)
  5 adders
  An ufetubus (D:5)
  4 worms
  A dart slug (D:2)
  14 orcs
  13 endoplasms
  3 giant cockroaches
  15 goblins
  16 hobgoblins
  4 quokkas
  5 ball pythons
  3 bats
  2 frilled lizards (D:2)
  5 kobolds
  5 rats
120 creatures vanquished.

Notes
Turn   | Place    | Note
-------+----------+-------------------------------------------
     0 | D:1      | Ashen the Demonspawn Ice Elementalist began the quest for
                  | the Orb.
     0 | D:1      | Reached XP level 1. HP: 13/13 MP: 3/3
   325 | D:1      | Gained mutation: You are partially covered in molten
                  | scales. (AC +2) [demonic ancestry]
   325 | D:1      | Reached XP level 2. HP: 18/20 MP: 1/5
   527 | D:1      | Found Yvagaipyno's Assorted Antiques.
   539 | D:1      | Found Burchimp's Magic Scroll Shop.
  1061 | D:2      | Noticed Robin
  1171 | D:1      | Reached skill level 1 in Fighting
  1173 | D:1      | Gained mutation: You regenerate a little health from kills.
                  | [demonic ancestry]
  1173 | D:1      | Reached XP level 3. HP: 20/26 MP: 1/6
  1196 | D:2      | Found a faded altar of an unknown god.
  1613 | D:2      | Learned a level 3 spell: Frozen Ramparts
  1644 | D:2      | Noticed Terence
  1760 | D:2      | Killed Robin
  1761 | D:2      | Reached XP level 4. HP: 32/32 MP: 1/7
  1916 | D:2      | Reached skill level 4 in Ice Magic
  2775 | D:2      | Learned a level 3 spell: Ozocubu's Armour
  3600 | D:3      | Noticed an ogre
  4009 | D:4      | Gained mutation: You are mostly covered in molten scales.
                  | (AC +3) [demonic ancestry]
  4009 | D:4      | Reached XP level 5. HP: 30/38 MP: 0/9
  4455 | D:4      | Identified the +11 shortbow of Keqoaf {flame, rElec rF-
                  | Str+6 Int+2}
  4477 | D:4      | Found a staircase to the Ecumenical Temple.
  4486 | Temple   | Entered the Ecumenical Temple
  4493 | Temple   | Became a worshipper of Vehumet
  4932 | D:5      | Entered Level 5 of the Dungeon
  4950 | D:5      | Gained mutation: You regenerate health from kills. [demonic
                  | ancestry]
  4950 | D:5      | Reached XP level 6. HP: 20/44 MP: 0/10
  5096 | D:5      | Noticed Ijyb
  5099 | D:5      | Identified the +3 dagger of Hoemuk {drain, rN+}
  5131 | D:4      | Learned a level 4 spell: Hailstorm
  5197 | D:5      | Killed Ijyb
  5232 | D:5      | Gained mutation: You have a small tail. [demonic ancestry]
  5232 | D:5      | Reached XP level 7. HP: 52/52 MP: 12/12
  5242 | D:5      | Noticed Blork the orc
  5259 | D:5      | Killed Blork the orc
  5285 | D:5      | Reached skill level 1 in Conjurations
  5437 | D:5      | Found Budet's Magic Scroll Shop.
  5454 | D:5      | Bought a scroll of teleportation for 33 gold pieces
  5454 | D:5      | Bought a scroll of teleportation for 33 gold pieces
  5454 | D:5      | Bought a scroll of fog for 44 gold pieces
  5454 | D:5      | Bought a scroll of fog for 44 gold pieces
  5454 | D:5      | Bought a scroll of immolation for 44 gold pieces
  5519 | D:5      | Reached skill level 5 in Ice Magic
  5567 | D:5      | Reached * piety under Vehumet
  5567 | D:5      | Offered knowledge of Shock by Vehumet.
  5607 | D:5      | Found a large runed translucent door.
  5607 | D:5      | Found a large runed translucent door.
  5783 | D:5      | Found a hazy altar of Hepliaklqana.
  6279 | D:6      | Noticed a wraith
  6314 | D:6      | Killed a wraith
  6315 | D:6      | Gained mutation: Spells you cast may paralyse adjacent
                  | enemies. [demonic ancestry]
  6315 | D:6      | Reached XP level 8. HP: 27/60 MP: 14/14
  6439 | D:$      | Got out of the dungeon alive.

Illustrated notes

Levels and vault maps discovered:
D:1:      mrwooster_arrival_statue_3, layout_basic, serial_shops, shop,
          nicolae_shop_trees, hex_large
D:2:      layout_loops_corners, basic_altar, dreamdust_ecumenical_altar_statues,
          kennysheep_another_room, minmay_pentomino_u4, uniq_terence, uniq_robin
D:3:      layout_loops_cross
D:4:      layout_basic, minmay_temple_entry_mist
D:5:      layout_cave_pools, jmf_multi_god_temple2, serial_shops, shop,
          uniq_blork_the_orc, uniq_ijyb
D:6:      layout_loops_ring, nemelex_xobeh_ov_fountains_minmay
Temple:   nicolae_temple_no_exploring_needed

Skill      XL: |  1  2  3  4  5  6  7 |
---------------+----------------------+-----
Stealth        | 2 3 4 |  4.4
Dodging        | 2 3 4 |  4.0
Fighting       | 1 2 3 4 |  4.0
Ice Magic      | 4 5 |  5.2
Spellcasting   | 3 4 |  4.2
Conjurations   | 2 |  2.2

Action                   |  1- 3 |  4- 6 |  7- 9 || total
-------------------------+-------+-------+-------++-------
Melee: Unarmed           |    19 |    52 |       ||    71
       Punch             |       |     1 |       ||     1
       Dagger            |       |    22 |    68 ||    90
       Tailslap          |       |       |    12 ||    12
 Cast: Freeze            |    53 |    94 |     7 ||   154
       Frozen Ramparts   |     2 |       |     4 ||     6
       Ozocubu's Armour  |       |       |     3 ||     3
Evoke: Wand              |       |    13 |     1 ||    14
  Use: Scroll            |     2 |     4 |       ||     6
       Potion            |       |     3 |     2 ||     5
 Stab: Sleeping          |     3 |     4 |     2 ||     9
       Distracted        |       |     2 |     1 ||     3
Armor: Robe              |    18 |    35 |    24 ||    77
       Skin              |       |     8 |       ||     8
Dodge: Dodged            |    40 |    79 |    81 ||   200
